 Dungeon Sprint DCSS version 0.22.1-1-ga44c0e56f4 (webtiles) character file.

459 MuseOD the Spear-Bearer (level 7, -1/63 HPs)
             Began as a Merfolk Berserker on Oct 4, 2018.
             Was a Believer of Trog.
             Slain by a flying skull (7 damage)
             ... in the Dungeon (Sprint II: "The Violet Keep of Menkaure").
             The game lasted 00:00:51 (129 turns).

MuseOD the Spear-Bearer (Merfolk Berserker)          Turns: 129, Time: 00:00:52

Health: -1/63      AC:  2    Str: 19      XL:     7   Next: 6%
Magic:  7/7        EV: 18    Int:  3 (6)  God:    Trog [**....]
Gold:   243        SH:  0    Dex: 14      Spells: 6/6 levels left

rFire    . . .     SeeInvis .   a - +0 spear
rCold    . . .     Gourm    .   (no shield)
rNeg     . . .     Faith    .   b - +0 animal skin
rPois    .         Spirit   .   (no helmet)
rElec    .         Reflect  .   (no cloak)
rCorr    .         Harm     .   (no gloves)
MR       ++...     Rnd*Rage +   (no boots) Stlth +.........NoTele +
                                (no amulet)
HPRegen  1.20/turn              (no ring)
MPRegen  0.10/turn              (no ring)

@: berserk cooldown, regenerating
A: change form in water, swift swim, stealthy swim, berserk 1
a: Berserk, Trog's Hand, Renounce Religion


You were in the Dungeon.
You worshipped Trog.
Trog was pleased with you.
You were not hungry.

You visited 1 branch You collected 243 gold pieces.

Inventory:

Hand Weapons
 a - a +0 spear (weapon)
Armour
 b - a +0 animal skin (worn)
Scrolls
 i - a scroll of blinking
Potions
 e - a potion of heal wounds
 f - a potion of haste
 g - 2 potions of magic
 h - a potion of berserk rage
Comestibles
 c - a ration


   Skills:
 + Level 8.7 Fighting
 + Level 11.1 Polearms
 + Level 5.7 Armour
 + Level 9.9 Dodging


You had 6 spell levels left.
You didn't know any spells.
Your spell library was empty.

Dungeon Overview and Level Annotations

Branches:
Dungeon (1/1)

Altars:


Innate Abilities, Weirdness & Mutations

You revert to your normal form in water.
You are very nimble and swift while swimming.
You are very stealthy in the water. (Stealth+)
You tend to lose your temper in combat.


Message History

You hit the flying skull but do no damage.
The flying skull is moderately damaged.
The flying skull closely misses you. The flying skull completely misses you.
You hit the flying skull but do no damage.
The flying skull is moderately damaged.
You feel yourself speed up. The flying skull misses you.
You hit the flying skull.
The flying skull is heavily damaged.
The flying skull barely misses you.
You closely miss the flying skull.
The flying skull is heavily damaged.
The flying skull hits you.
* * * LOW HITPOINT WARNING * * *
You hit the flying skull but do no damage.
The flying skull is heavily damaged.
You hit the flying skull.
The flying skull is severely damaged.
The flying skull hits you!
You die...

##
#+###.##
##.##...#
+.z3z.##+
##.##@..#
#'###.##
####.####
#.3##3#
#53.##
##z##


zzz #'z3# #.z§z You could see a neqoxec and 2 flying skulls.

Vanquished Creatures
  A neqoxec (D)
  4 necrophages (D)
5 creatures vanquished.

Notes
Turn   | Place    | Note
-------+----------+-------------------------------------------
     0 | D        | MuseOD the Merfolk Berserker began the quest for the Orb.
     0 | D        | Reached XP level 1. HP: 18/18 MP: 1/1
     1 | D        | Noticed a necrophage
     1 | D        | Noticed a necrophage
     1 | D        | Noticed a necrophage
     1 | D        | Noticed a necrophage
     5 | D        | Killed a necrophage
     5 | D        | Reached skill level 5 in Fighting
     5 | D        | Reached skill level 7 in Polearms
     5 | D        | Reached XP level 2. HP: 26/26 MP: 2/2
     5 | D        | Reached XP level 3. HP: 32/32 MP: 3/3
     5 | D        | Reached XP level 4. HP: 38/38 MP: 4/4
    11 | D        | Killed a necrophage
    11 | D        | Reached skill level 8 in Polearms
    11 | D        | Reached XP level 5. HP: 46/46 MP: 5/5
    19 | D        | Killed a necrophage
    19 | D        | Reached ** piety under Trog
    19 | D        | Reached skill level 9 in Polearms
    19 | D        | Reached XP level 6. HP: 54/54 MP: 6/6
    25 | D        | Killed a necrophage
    25 | D        | Reached skill level 10 in Polearms
    25 | D        | Reached skill level 5 in Armour
    74 | D        | Noticed a neqoxec
    88 | D        | Killed a neqoxec
    88 | D        | Reached skill level 11 in Polearms
    88 | D        | Reached XP level 7. HP: 61/61 MP: 7/7
    91 | D        | Noticed a neqoxec
    91 | D        | Noticed a flying skull
    91 | D        | Noticed a flying skull
    91 | D        | Noticed a flying skull
    91 | D        | Noticed a flying skull
    91 | D        | Noticed a flying skull
    91 | D        | Noticed a flying skull
    92 | D        | Noticed a neqoxec
    92 | D        | Noticed a neqoxec
    92 | D        | Noticed a flying skull
    92 | D        | Noticed a flying skull
    92 | D        | Noticed a flying skull
    92 | D        | Noticed a flying skull
    93 | D        | Gained mutation: You tend to lose your temper in combat. [a
                  | neqoxec]
    94 | D        | Noticed a flying skull
   116 | D        | HP: 3/63 [flying skull (4)]
   129 | D        | Slain by a flying skull

Skill      XL: |  1  2  3  4  5  6 |
---------------+-------------------+-----
Fighting       | 5 6 7 8 |  8.7
Polearms       | 7 8 9 11 | 11.1
Armour         | 3 4 5 |  5.7
Dodging        | 6 7 8 9 |  9.9

Action                   |  1- 3 |  4- 6 |  7- 9 || total
-------------------------+-------+-------+-------++-------
Melee: Spear             |     3 |    33 |    28 ||    64
Invok: Berserk           |     1 |     1 |       ||     2
       Trog's Hand       |       |       |     1 ||     1
  Use: Potion            |       |       |     1 ||     1
Armor: Animal skin       |       |       |     1 ||     1
Dodge: Dodged            |       |     8 |    26 ||    34
